[Event "GambitGuide"]
[Site "Internet Chess Club"]
[Date "2014.10.30"]
[Round "1"]
[White "JSBach"]
[Black "Heian"]
[Result "1-0"]
[ICCResult "Black resigns"]
[WhiteElo "1709"]
[BlackElo "1562"]
[Opening "Vienna: `Frankenstein-Dracula' variation"]
[ECO "C27"]
[NIC "VG.02"]
[Time "19:13:51"]
[TimeControl "120+12"]

1. e4 e5 2. Nc3 Nf6 3. Bc4 Nxe4 4. Qh5 Nd6 5. Bb3 Nc6 6. Nb5 g6 7. Qf3 f5 8.
Qd5 Qe7 9. Nxc7+ Kd8 10. Nxa8 b6 11. Ba4 Bb7 12. Nxb6 axb6 13. Qb3 Nc8 14.
Ne2 Kc7 15. Qc4 e4 16. O-O Bg7 17. Re1 Kb8 18. d4 Rd8 19. Bf4+ d6 20. Bxc6
{Black resigns}
1-0

[Event "GambitGuide"]
[Site "Internet Chess Club"]
[Date "2014.10.30"]
[Round "1"]
[White "JSBach"]
[Black "boveymvp"]
[Result "1-0"]
[ICCResult "Black resigns"]
[WhiteElo "1725"]
[BlackElo "1577"]
[Opening "Vienna: `Frankenstein-Dracula' variation"]
[ECO "C27"]
[NIC "VG.02"]
[Time "19:12:19"]
[TimeControl "120+12"]

1. e4 e5 2. Nc3 Nf6 3. Bc4 Nxe4 4. Qh5 Nd6 5. Bb3 Nc6 6. Nb5 g6 7. Qf3 f5 8.
Qd5 Qe7 9. Nxc7+ Kd8 10. Nxa8 b6 11. Ba4 b5 12. Bxb5 Nxb5 13. Qxb5 Qc5 14.
Qxc5 Bxc5 15. d3 Bb7 16. d4 Nxd4 17. Bg5+ Kc8 18. O-O-O Bxg2 19. Bf6 Re8 20.
c3 Nc6 21. Nh3 Bxh1 22. Rxh1 Kb7 23. Rd1 d6 24. b4 Nxb4 25. cxb4 Bxb4 26.
Ng5 h6 27. Nf7 Re6 28. Nd8+ Kxa8 29. Nxe6 {Black resigns} 1-0

[Event "GambitGuide"]
[Site "Internet Chess Club"]
[Date "2014.10.30"]
[Round "1"]
[White "JSBach"]
[Black "Labsb"]
[Result "1-0"]
[ICCResult "Black resigns"]
[WhiteElo "1725"]
[BlackElo "1409"]
[Opening "Vienna: `Frankenstein-Dracula' variation"]
[ECO "C27"]
[NIC "VG.02"]
[Time "19:11:47"]
[TimeControl "120+12"]

1. e4 e5 2. Nc3 Nf6 3. Bc4 Nxe4 4. Qh5 Nd6 5. Bb3 Nc6 6. Nb5 g6 7. Qf3 f5 8.
Qd5 Qe7 9. Nxc7+ Kd8 10. Nxa8 b6 11. Ba4 b5 12. Bxb5 Nb4 13. Qc5 Nxb5 14.
Qc4 Qc5 15. Qxc5 Bxc5 16. Kd1 Bb7 17. d4 Bxd4 18. Bg5+ Kc8 19. Bf6 Bxb2 20.
Bxh8 Bxa1 21. a3 Bxg2 22. f3 Nxa3 23. c3 Nc6 24. Bxe5 Nxe5 25. Kd2 Bxh1 26.
Ke2 Nb5 27. Ke3 Bxc3 28. Kf4 Bd4 29. Ne2 Nd3+ 30. Kg3 Bf2+ 31. Kh3 Kb8 32.
Ng3 Nf4+ 33. Kh4 h6 34. h3 Bxg3+ 35. Kxg3 Kxa8 36. Kxf4 a5 37. Ke5 a4 38.
Kd5 a3 39. Kc4 a2 40. Kxb5 a1=Q 41. f4 Qc1 42. Ka6 Bb7+ 43. Kb5 Qc6+ 44. Kb4
d6 45. h4 d5 46. Ka3 d4 47. Kb4 d3 48. Kb3 d2 49. Kb4 d1=Q 50. Ka3 Qda4+ 51.
Kb2 {Black resigns} 1-0

[Event "GambitGuide"]
[Site "Internet Chess Club"]
[Date "2014.10.30"]
[Round "1"]
[White "JSBach"]
[Black "kingsac"]
[Result "1-0"]
[ICCResult "Black resigns"]
[WhiteElo "1725"]
[BlackElo "1964"]
[Opening "Vienna: `Frankenstein-Dracula' variation"]
[ECO "C27"]
[NIC "VG.02"]
[Time "19:13:46"]
[TimeControl "120+12"]

1. e4 e5 2. Nc3 Nf6 3. Bc4 Nxe4 4. Qh5 Nd6 5. Bb3 Nc6 6. Nb5 g6 7. Qf3 f5 8.
Qd5 Qe7 9. Nxc7+ Kd8 10. Nxa8 b6 11. Ba4 Ba6 12. Bxc6 dxc6 13. Qb3 Nc8 14.
Nf3 Bg7 15. d3 Bb7 16. Bg5 Bf6 17. Bxf6 Qxf6 18. d4 Re8 19. O-O-O e4 20. d5
c5 21. Nxb6 Nxb6 22. Ne1 Qg5+ 23. Kb1 Qe7 24. c4 e3 25. fxe3 Qxe3 26. Qxe3
Rxe3 27. b3 f4 28. Nd3 g5 29. Nxc5 Bc8 30. Ne6+ Bxe6 31. dxe6+ Ke7 32. c5
Nc8 33. h4 Kxe6 34. hxg5 Rg3 35. Rd8 Ne7 36. Rxh7 Nf5 37. Rd2 Rxg5 38. Rxa7
Ne3 39. c6 Rg8 40. c7 Rc8 41. Rd8 Rxc7 42. Rxc7 {Black resigns} 1-0

[Event "GambitGuide"]
[Site "Internet Chess Club"]
[Date "2014.10.30"]
[Round "1"]
[White "JSBach"]
[Black "kingsac"]
[Result "1-0"]
[ICCResult "Black resigns"]
[WhiteElo "1725"]
[BlackElo "1964"]
[Opening "Vienna: `Frankenstein-Dracula' variation"]
[ECO "C27"]
[NIC "VG.02"]
[Time "19:15:25"]
[TimeControl "120+12"]

1. e4 e5 2. Nc3 Nf6 3. Bc4 Nxe4 4. Qh5 Nd6 5. Bb3 Nc6 6. Nb5 g6 7. Qf3 f5 8.
Qd5 Qe7 9. Nxc7+ Kd8 10. Nxa8 b6 11. Ba4 Ba6 12. Bxc6 dxc6 13. Qb3 Qb7 14.
Qe6 Qe7 15. Qb3 Bh6 16. Nxb6 axb6 17. Qxb6+ Qc7 18. Qxa6 {Black resigns} 1-0

[Event "GambitGuide"]
[Site "Internet Chess Club"]
[Date "2014.10.30"]
[Round "1"]
[White "JSBach"]
[Black "endersgame"]
[Result "0-1"]
[ICCResult "White checkmated"]
[WhiteElo "1725"]
[BlackElo "1687"]
[Opening "Vienna: `Frankenstein-Dracula' variation"]
[ECO "C27"]
[NIC "VG.02"]
[Time "19:09:38"]
[TimeControl "120+12"]

1. e4 e5 2. Nc3 Nf6 3. Bc4 Nxe4 4. Qh5 Nd6 5. Bb3 Nc6 6. Nb5 g6 7. Qf3 f5 8.
Qd5 Qe7 9. Nxc7+ Kd8 10. Nxa8 b6 11. Ba4 Bb7 12. Nxb6 axb6 13. Qb3 b5 14.
Nf3 bxa4 15. Qxa4 Nd4 16. Nxd4 exd4+ 17. Kf1 Qe4 18. f3 Qd5 19. Kf2 d3 20.
cxd3 Qxd3 21. Qa5+ Kc8 22. Re1 Bg7 23. Qc5+ Kb8 24. Re3 Qd4 25. Qa3 Nc4 26.
Qe7 Bh6 27. Kg1 Nxe3 28. dxe3 Qd1+ 29. Kf2 Qc2+ 30. Ke1 Rc8 31. Qxh7 Ba6 32.
Bd2 Bxe3 33. Qxd7 Bxd2+ 34. Kf2 Bf4+ 35. Kg1 Be3+ 36. Kh1 Qc1+ 37. Qd1 Qxd1+
38. Rxd1 Rc1 39. Rxc1 Bxc1 40. b3 Ba3 41. h3 Bd3 42. f4 Bb1 43. Kh2 Bxa2 44.
g4 fxg4 45. hxg4 Bd6 46. b4 Bxf4+ 47. Kg2 g5 48. b5 Bd5+ 49. Kf2 Kb7 50. Ke2
Kb6 51. Kf2 Kxb5 52. Ke2 Kc4 53. Kf2 Kd3 54. Kf1 Bf3 55. Ke1 Bxg4 56. Kf2
Be3+ 57. Kg3 Be6 58. Kf3 g4+ 59. Kg3 Ke2 60. Kg2 Bf4 61. Kh1 g3 62. Kg1 Kf3
63. Kh1 g2+ 64. Kg1 Be3+ 65. Kh2 g1=Q# {White checkmated} 0-1

[Event "GambitGuide"]
[Site "Internet Chess Club"]
[Date "2014.10.30"]
[Round "1"]
[White "JSBach"]
[Black "kingsac"]
[Result "1-0"]
[ICCResult "Black checkmated"]
[WhiteElo "1725"]
[BlackElo "1964"]
[Opening "Vienna: `Frankenstein-Dracula' variation"]
[ECO "C27"]
[NIC "VG.02"]
[Time "19:15:47"]
[TimeControl "120+12"]

1. e4 e5 2. Nc3 Nf6 3. Bc4 Nxe4 4. Qh5 Nd6 5. Bb3 Nc6 6. Nb5 g6 7. Qf3 f5 8.
Qd5 Qe7 9. Nxc7+ Kd8 10. Nxa8 b6 11. Ba4 Ba6 12. Bxc6 dxc6 13. Qb3 Qb7 14.
Qe6 Nf7 15. d3 Bg7 16. Nf3 Re8 17. Qb3 e4 18. dxe4 Rxe4+ 19. Be3 Qxa8 20.
Qxf7 Rxe3+ 21. fxe3 Bxb2 22. Rd1+ Kc8 23. Qe8+ Kb7 24. Rd7# {Black
checkmated} 1-0

[Event "GambitGuide"]
[Site "Internet Chess Club"]
[Date "2014.10.30"]
[Round "1"]
[White "JSBach"]
[Black "Heian"]
[Result "0-1"]
[ICCResult "White checkmated"]
[WhiteElo "1725"]
[BlackElo "1562"]
[Opening "Vienna: `Frankenstein-Dracula' variation"]
[ECO "C27"]
[NIC "VG.02"]
[Time "19:14:27"]
[TimeControl "120+12"]

1. e4 e5 2. Nc3 Nf6 3. Bc4 Nxe4 4. Qh5 Nd6 5. Bb3 Nc6 6. Nb5 g6 7. Qf3 f5 8.
Qd5 Qe7 9. Nxc7+ Kd8 10. Nxa8 b6 11. Ba4 Bb7 12. Nxb6 axb6 13. Qb3 Nc8 14.
Ne2 Nd4 15. Nxd4 exd4+ 16. Kf1 Bg7 17. Qc4 Re8 18. Kg1 Qe1+ 19. Qf1 Qe4 20.
f3 Qf4 21. Bb5 d3 22. c3 Qd6 23. Qf2 Re2 24. Qxe2 dxe2 25. Bxe2 Qe5 26. Kf1
g5 27. d4 Qe6 28. Bxg5+ Bf6 29. Bxf6+ Qxf6 30. Kf2 f4 31. Rhe1 Qh4+ 32. Kg1
Qg5 33. Rac1 h5 34. a3 h4 35. Kf1 h3 36. gxh3 Qh4 37. Kg2 Qg5+ 38. Kh1 Qh4
39. Kg2 Bd5 40. Ba6 Be6 41. Kh1 Bxh3 42. Bxc8 Kxc8 43. Rcd1 Qf2 44. Re8+ Kc7
45. Rg8 Qxf3+ 46. Kg1 Qxd1+ 47. Kf2 Qd2+ 48. Kg1 Qe3+ 49. Kh1 Qf3+ 50. Kg1
Qf1# {White checkmated} 0-1

[Event "GambitGuide"]
[Site "Internet Chess Club"]
[Date "2014.10.30"]
[Round "1"]
[White "JSBach"]
[Black "anticreep"]
[Result "1-0"]
[ICCResult "Black checkmated"]
[WhiteElo "1725"]
[BlackElo "1400"]
[Opening "Vienna: `Frankenstein-Dracula' variation"]
[ECO "C27"]
[NIC "VG.02"]
[Time "19:15:04"]
[TimeControl "120+12"]

1. e4 e5 2. Nc3 Nf6 3. Bc4 Nxe4 4. Qh5 Nd6 5. Bb3 Nc6 6. Nb5 g6 7. Qf3 f5 8.
Qd5 Qe7 9. Nxc7+ Kd8 10. Nxa8 b6 11. Ba4 Bb7 12. Nxb6 axb6 13. Qb3 Nc8 14.
Ne2 Bh6 15. Qh3 Bg5 16. O-O Nd6 17. Qb3 h5 18. Qxb6+ Ke8 19. f4 Bf6 20. fxe5
Bxe5 21. Bxc6 Bxc6 22. Nd4 Bd5 23. Qc5 Bc6 24. Nxc6 dxc6 25. d4 Bf6 26.
Qxc6+ Qd7 27. Re1+ Kd8 28. Qa8+ Nc8 29. Qa5+ Qc7 30. Qxc7+ Kxc7 31. Bf4+ Kd7
32. Be5 Bxe5 33. Rxe5 Nd6 34. b4 Ne4 35. c4 Rb8 36. a3 Rc8 37. c5 h4 38. d5
Nf6 39. c6+ Kd6 40. Re6+ Kxd5 41. Rxf6 g5 42. b5 f4 43. b6 Rxc6 44. Rd1+ Ke5
45. Rxc6 Kf5 46. Rd5+ Kg4 47. h3+ Kg3 48. Rxg5# {Black checkmated} 1-0

[Event "GambitGuide"]
[Site "Internet Chess Club"]
[Date "2014.10.30"]
[Round "1"]
[White "JSBach"]
[Black "puffin"]
[Result "1-0"]
[ICCResult "Black checkmated"]
[WhiteElo "1725"]
[BlackElo "1949"]
[Opening "Vienna: `Frankenstein-Dracula' variation"]
[ECO "C27"]
[NIC "VG.02"]
[Time "19:16:35"]
[TimeControl "120+12"]

1. e4 e5 2. Nc3 Nf6 3. Bc4 Nxe4 4. Qh5 Nd6 5. Bb3 Nc6 6. Nb5 g6 7. Qf3 f5 8.
Qd5 Qe7 9. Nxc7+ Kd8 10. Nxa8 b6 11. Ba4 Bb7 12. Nxb6 axb6 13. Qb3 Bg7 14.
Qxb6+ Kc8 15. d3 e4 16. Be3 f4 17. Bxf4 exd3+ 18. Kf1 Nc4 19. Qc7#
{Black checkmated}
1-0

[Event "GambitGuide"]
[Site "Internet Chess Club"]
[Date "2014.10.30"]
[Round "1"]
[White "JSBach"]
[Black "fishhead"]
[Result "1-0"]
[ICCResult "Black resigns"]
[WhiteElo "1725"]
[BlackElo "1597"]
[Opening "Vienna: `Frankenstein-Dracula' variation"]
[ECO "C27"]
[NIC "VG.02"]
[Time "19:17:18"]
[TimeControl "120+12"]

1. e4 e5 2. Nc3 Nf6 3. Bc4 Nxe4 4. Qh5 Nd6 5. Bb3 Nc6 6. Nb5 g6 7. Qf3 f5 8.
Qd5 Qe7 9. Nxc7+ Kd8 10. Nxa8 b6 11. Ba4 Bb7 12. Nxb6 axb6 13. Qb3 b5 14.
Nf3 bxa4 15. Qxa4 h6 16. O-O Qe6 17. Re1 Ke7 18. d4 e4 19. b4 Kf7 20. b5 Nd8
21. Bf4 Bd5 22. b6 N6b7 23. Ne5+ Kg7 24. Qxd7+ Qxd7 25. Nxd7 Bb4 26. Be5+
Kh7 27. Nf6+ Kg7 28. Nxd5+ {Black resigns} 1-0

[Event "GambitGuide"]
[Site "Internet Chess Club"]
[Date "2014.10.30"]
[Round "1"]
[White "JSBach"]
[Black "boveymvp"]
[Result "1-0"]
[ICCResult "Black checkmated"]
[WhiteElo "1725"]
[BlackElo "1577"]
[Opening "Vienna: `Frankenstein-Dracula' variation"]
[ECO "C27"]
[NIC "VG.02"]
[Time "19:14:49"]
[TimeControl "120+12"]

1. e4 e5 2. Nc3 Nf6 3. Bc4 Nxe4 4. Qh5 Nd6 5. Bb3 Nc6 6. Nb5 g6 7. Qf3 f5 8.
Qd5 Qe7 9. Nxc7+ Kd8 10. Nxa8 b6 11. Ba4 b5 12. Bxb5 Nxb5 13. Qxb5 Qc5 14.
Qxc5 Bxc5 15. d3 Bb7 16. d4 Nxd4 17. Bg5+ Kc8 18. Kd2 Bxg2 19. Bf6 Re8 20.
Nh3 Bxh1 21. Rxh1 Kb7 22. c3 Nc6 23. b4 Bf8 24. b5 Na5 25. Re1 d6 26. Ng5
Bh6 27. h4 Rxa8 28. Kd3 Kc7 29. Nxh7 Kd7 30. Rg1 Rg8 31. h5 Nb7 32. Rxg6
Nc5+ 33. Ke2 Rxg6 34. hxg6 Ke6 35. c4 Nd7 36. Bd8 Bg7 37. Ng5#
{Black checkmated}
1-0

[Event "GambitGuide"]
[Site "Internet Chess Club"]
[Date "2014.10.30"]
[Round "1"]
[White "JSBach"]
[Black "jewels2"]
[Result "0-1"]
[ICCResult "White checkmated"]
[WhiteElo "1725"]
[BlackElo "1124"]
[Opening "Vienna: `Frankenstein-Dracula' variation"]
[ECO "C27"]
[NIC "VG.02"]
[Time "19:09:42"]
[TimeControl "120+12"]

1. e4 e5 2. Nc3 Nf6 3. Bc4 Nxe4 4. Qh5 Nd6 5. Bb3 Nc6 6. Nb5 g6 7. Qf3 f5 8.
Qd5 Qe7 9. Nxc7+ Kd8 10. Nxa8 b6 11. Ba4 Nd4 12. f4 exf4+ 13. Kf2 Qh4+ 14.
Kf1 Bg7 15. Qxd6 Re8 16. Qc7+ Ke7 17. Qxa7 Kf8 18. Nf3 Nxf3 19. g3 fxg3 20.
h3 Re1+ 21. Kg2 Re2+ 22. Kxf3 Rf2+ 23. Ke3 Qe4# {White checkmated} 0-1

[Event "GambitGuide"]
[Site "Internet Chess Club"]
[Date "2014.10.30"]
[Round "1"]
[White "JSBach"]
[Black "kingsac"]
[Result "0-1"]
[ICCResult "White checkmated"]
[WhiteElo "1707"]
[BlackElo "1964"]
[Opening "Vienna: `Frankenstein-Dracula' variation"]
[ECO "C27"]
[NIC "VG.02"]
[Time "19:16:31"]
[TimeControl "120+12"]

1. e4 e5 2. Nc3 Nf6 3. Bc4 Nxe4 4. Qh5 Nd6 5. Bb3 Nc6 6. Nb5 g6 7. Qf3 f5 8.
Qd5 Qe7 9. Nxc7+ Kd8 10. Nxa8 b6 11. Ba4 Ba6 12. Bxc6 dxc6 13. Qb3 Qb7 14.
Qe6 Nf7 15. b3 Bg7 16. f4 Re8 17. Nc7 Qxc7 18. Qxe8+ Kxe8 19. Bb2 Kf8 20.
Nf3 exf4 21. Bxg7+ Kxg7 22. Kd1 Ne5 23. Nd4 Kf6 24. Re1 c5 25. Nf3 Nxf3 26.
gxf3 Qc6 27. d3 Qxf3+ 28. Kd2 g5 29. Rab1 g4 30. b4 cxb4 31. Rxb4 Bb7 32. a4
g3 33. hxg3 fxg3 34. Re3 Qf2+ 35. Re2 Qf1 36. Re1 Qh3 37. a5 g2 38. axb6
axb6 39. Rxb6+ Kg5 40. Rxb7 Qh1 41. Rbb1 Qh2 42. Rg1 h5 43. c4 h4 44. d4 h3
45. d5 Qf4+ 46. Kc3 Qf3+ 47. Kd4 h2 48. Rge1 g1=Q+ 49. Rxg1+ hxg1=Q+ 50.
Rxg1+ Kf4 51. d6 Qe3+ 52. Kd5 Qxg1 53. c5 Qd1+ 54. Kc4 Qc2+ 55. Kd4 Qd2+ 56.
Kc4 Ke5 57. Kb5 Qd5 58. Kb4 Ke6 59. d7 Kxd7 60. c6+ Kxc6 61. Kc3 Qe4 62. Kd2
f4 63. Kc1 f3 64. Kd2 f2 65. Kc3 f1=Q 66. Kb3 Qff3+ 67. Kb2 Qee2+ 68. Kc1
Qff1# {White checkmated} 0-1

[Event "GambitGuide"]
[Site "Internet Chess Club"]
[Date "2014.10.30"]
[Round "1"]
[White "JSBach"]
[Black "anticreep"]
[Result "1-0"]
[ICCResult "Black resigns"]
[WhiteElo "1707"]
[BlackElo "1400"]
[Opening "Vienna: `Frankenstein-Dracula' variation"]
[ECO "C27"]
[NIC "VG.02"]
[Time "19:18:25"]
[TimeControl "120+12"]

1. e4 e5 2. Nc3 Nf6 3. Bc4 Nxe4 4. Qh5 Nd6 5. Bb3 Nc6 6. Nb5 g6 7. Qf3 f5 8.
Qd5 Qe7 9. Nxc7+ Kd8 10. Nxa8 b6 11. Ba4 Bb7 12. Nxb6 axb6 13. Qb3 Kc7 14.
Ne2 Ba6 15. Nc3 Qe6 16. Nd5+ Kd8 17. Qxb6+ Ke8 18. Nc7+ {Black resigns} 1-0

[Event "GambitGuide"]
[Site "Internet Chess Club"]
[Date "2014.10.30"]
[Round "1"]
[White "JSBach"]
[Black "AdithJosh"]
[Result "1-0"]
[ICCResult "Black resigns"]
[WhiteElo "1707"]
[BlackElo "1173"]
[Opening "Vienna: `Frankenstein-Dracula' variation"]
[ECO "C27"]
[NIC "VG.02"]
[Time "19:18:38"]
[TimeControl "120+12"]

1. e4 e5 2. Nc3 Nf6 3. Bc4 Nxe4 4. Qh5 Nd6 5. Bb3 Nc6 6. Nb5 g6 7. Qf3 f5 8.
Qd5 Qe7 9. Nxc7+ Kd8 10. Nxa8 b6 11. Ba4 Bb7 12. Nxb6 axb6 13. Qb3 b5 14.
Nf3 bxa4 15. Qxa4 {Black resigns} 1-0

[Event "GambitGuide"]
[Site "Internet Chess Club"]
[Date "2014.10.30"]
[Round "1"]
[White "JSBach"]
[Black "SCARLETTE"]
[Result "1-0"]
[ICCResult "Black resigns"]
[WhiteElo "1707"]
[BlackElo "2877"]
[Opening "Vienna: `Frankenstein-Dracula' variation"]
[ECO "C27"]
[NIC "VG.02"]
[Time "19:16:28"]
[TimeControl "120+12"]

1. e4 e5 2. Nc3 Nf6 3. Bc4 Nxe4 4. Qh5 Nd6 5. Bb3 Nc6 6. Nb5 g6 7. Qf3 f5 8.
Qd5 Qe7 9. Nxc7+ Kd8 10. Nxa8 b6 11. Ba4 Bb7 12. Nxb6 axb6 13. Qb3 Kc7 14.
Ne2 Qe6 15. Qxe6 dxe6 16. d3 Nd4 17. f3 Bc6 18. Nxd4 exd4 19. Bb3 e5 20. Be6
Bg7 21. Bd2 Re8 22. Bb3 e4 23. dxe4 fxe4 24. fxe4 Nxe4 25. Bf4+ Kb7 26. O-O
g5 27. Bc1 Ka6 28. Rf7 Be5 29. Rxh7 g4 30. Bf7 Rf8 31. Bh6 Rd8 32. Bc4+ b5
33. Be6 Nf6 34. Bg5 d3 35. cxd3 Rxd3 36. Bxf6 Bxf6 37. Bxg4 Bxb2 38. Rd1 Rc3
39. Bf5 Rc5 40. g4 {Black resigns} 1-0

[Event "GambitGuide"]
[Site "Internet Chess Club"]
[Date "2014.10.30"]
[Round "1"]
[White "JSBach"]
[Black "Lucas"]
[Result "1-0"]
[ICCResult "Black resigns"]
[WhiteElo "1707"]
[BlackElo "2376"]
[Opening "Vienna: `Frankenstein-Dracula' variation"]
[ECO "C27"]
[NIC "VG.02"]
[Time "19:17:54"]
[TimeControl "120+12"]

1. e4 e5 2. Nc3 Nf6 3. Bc4 Nxe4 4. Qh5 Nd6 5. Bb3 Nc6 6. Nb5 g6 7. Qf3 f5 8.
Qd5 Qe7 9. Nxc7+ Kd8 10. Nxa8 b6 11. Ba4 Bb7 12. Nxb6 axb6 13. Qb3 b5 14.
Nf3 bxa4 15. Qxa4 Bg7 16. O-O Ke8 17. Re1 Kf7 18. Qb3+ Kf8 19. d4 e4 20. Bf4
Bc8 21. Qd5 Ne8 22. a3 Qf7 23. Qxf7+ Kxf7 24. Ng5+ Kf8 25. c3 h6 26. Nh3 g5
27. Be3 Kf7 28. d5 Ne5 29. Re2 Nc4 30. Ba7 Nc7 31. Rd1 Nb5 32. Bb8 Ncxa3 33.
Rde1 Nc4 34. Bg3 f4 35. Rxe4 fxg3 36. Rxc4 gxf2+ 37. Nxf2 Nd6 38. Rc7 Rd8
39. Ng4 Ba6 40. Ne5+ Bxe5 41. Rxe5 Nc4 42. Re6 Bb5 43. b4 Ra8 44. Rxh6 Ra1+
45. Kf2 Ra2+ 46. Kg3 Ne3 47. Kf3 Nxd5 48. Rc5 Bc6 49. b5 Ba8 50. Kg3 Rc2 51.
Ra6 Nxc3 52. Rf5+ Kg7 53. Rxg5+ Kf7 54. Rf5+ Ke7 55. Rxa8 Ne4+ 56. Kf4 Nd6
57. Re5+ Kf6 58. Rd5 Rf2+ 59. Ke3 Rxg2 60. Rxd6+ Ke5 61. Rd2 Rxh2 62. Re8+
Kf6 63. Rxh2 {Black resigns} 1-0

[Event "GambitGuide"]
[Site "Internet Chess Club"]
[Date "2014.10.30"]
[Round "1"]
[White "JSBach"]
[Black "hqy"]
[Result "0-1"]
[ICCResult "White checkmated"]
[WhiteElo "1707"]
[BlackElo "1343"]
[Opening "Vienna: `Frankenstein-Dracula' variation"]
[ECO "C27"]
[NIC "VG.02"]
[Time "19:16:54"]
[TimeControl "120+12"]

1. e4 e5 2. Nc3 Nf6 3. Bc4 Nxe4 4. Qh5 Nd6 5. Bb3 Nc6 6. Nb5 g6 7. Qf3 f5 8.
Qd5 Qe7 9. Nxc7+ Kd8 10. Nxa8 b6 11. Ba4 Bb7 12. Nxb6 axb6 13. Qb3 Kc7 14.
Nf3 Ba6 15. Qc3 Bg7 16. Qe3 Re8 17. a3 Qf8 18. Bb3 Nd4 19. Qc3+ Kb7 20. Bd5+
Nc6 21. Ng5 Nb5 22. Nxh7 Qh8 23. Qh3 Nd4 24. Bb3 Nxb3 25. cxb3 Nd4 26. Ra2
Rc8 27. Qc3 Rxc3 28. dxc3 Qxh7 29. cxd4 exd4 30. b4 Bc4 31. Ra1 d3 32. f4
Qh5 33. O-O Bd4+ 34. Kh1 Bd5 35. Re1 Be4 36. Ra2 Qg4 37. b3 Bc3 38. Rf1 d2
39. Rxd2 Bxd2 40. Rf3 Bxf3 41. gxf3 Qxf3+ 42. Kg1 Bxc1 43. h4 Be3+ 44. Kh2
Bxf4+ 45. Kg1 Bg3 46. b5 Qf2+ 47. Kh1 Qh2# {White checkmated} 0-1

[Event "GambitGuide"]
[Site "Internet Chess Club"]
[Date "2014.10.30"]
[Round "1"]
[White "JSBach"]
[Black "Selfoss"]
[Result "1-0"]
[ICCResult "Black resigns"]
[WhiteElo "1707"]
[BlackElo "1316"]
[Opening "Vienna: `Frankenstein-Dracula' variation"]
[ECO "C27"]
[NIC "VG.02"]
[Time "19:19:35"]
[TimeControl "120+12"]

1. e4 e5 2. Nc3 Nf6 3. Bc4 Nxe4 4. Qh5 Nd6 5. Bb3 Nc6 6. Nb5 g6 7. Qf3 f5 8.
Qd5 Qe7 9. Nxc7+ Kd8 10. Nxa8 b6 11. Ba4 Nb4 12. Qb3 Nb7 13. a3 Na5 14. Qxb4
Bb7 15. Nxb6 axb6 16. Qxb6+ {Black resigns} 1-0

[Event "GambitGuide"]
[Site "Internet Chess Club"]
[Date "2014.10.30"]
[Round "1"]
[White "JSBach"]
[Black "fishhead"]
[Result "1-0"]
[ICCResult "Black resigns"]
[WhiteElo "1707"]
[BlackElo "1597"]
[Opening "Vienna: `Frankenstein-Dracula' variation"]
[ECO "C27"]
[NIC "VG.02"]
[Time "19:18:23"]
[TimeControl "120+12"]

1. e4 e5 2. Nc3 Nf6 3. Bc4 Nxe4 4. Qh5 Nd6 5. Bb3 Nc6 6. Nb5 g6 7. Qf3 f5 8.
Qd5 Qe7 9. Nxc7+ Kd8 10. Nxa8 b6 11. Ba4 Bb7 12. Nxb6 axb6 13. Qb3 b5 14.
Nf3 bxa4 15. Qxa4 Bg7 16. d3 Qe6 17. Ng5 Qd5 18. O-O h6 19. Nf3 Ke7 20. Be3
Kf7 21. Rae1 Rb8 22. a3 Kg8 23. Qh4 Kh7 24. a4 Nf7 25. h3 g5 26. Bxg5 e4 27.
dxe4 fxe4 28. c4 Qf5 29. Bf4 exf3 30. Bxb8 Nxb8 31. g4 Qg5 32. Qxg5 hxg5 33.
Re7 Kg6 34. b4 Kf6 35. Re8 Nc6 36. b5 Na5 37. Rb8 Ke7 38. c5 Ne5 39. Rg8 Bf6
40. Rc1 Ke6 41. Re1 Kd5 42. Rf8 Be7 43. Rf5 d6 44. cxd6 Bxd6 45. Rxg5 Nc4
46. h4 Bb4 47. Rb1 Ba5 48. Rg7 Bc8 49. g5 Nb6 50. Rd1+ Ke6 51. Ra7 Nec4 52.
g6 Kf6 53. Rxa5 Nxa5 54. Rd6+ Kg7 55. Rxb6 Nc4 56. Rc6 {Black resigns} 1-0

[Event "GambitGuide"]
[Site "Internet Chess Club"]
[Date "2014.10.30"]
[Round "1"]
[White "JSBach"]
[Black "kingsac"]
[Result "1-0"]
[ICCResult "Black resigns"]
[WhiteElo "1707"]
[BlackElo "1964"]
[Opening "Vienna: `Frankenstein-Dracula' variation"]
[ECO "C27"]
[NIC "VG.02"]
[Time "19:20:25"]
[TimeControl "120+12"]

1. e4 e5 2. Nc3 Nf6 3. Bc4 Nxe4 4. Qh5 Nd6 5. Bb3 Nc6 6. Nb5 g6 7. Qf3 f5 8.
Qd5 Qe7 9. Nxc7+ Kd8 10. Nxa8 b6 11. Ba4 Ba6 12. Bxc6 dxc6 13. Qb3 Qb7 14.
Qe6 Nf7 15. d3 Bg7 16. Nf3 Re8 17. Qb3 e4 18. dxe4 Rxe4+ 19. Be3 Kc8 20. Nd2
Re5 21. O-O-O Rb5 22. Qe6+ Qd7 23. Qxd7+ Kxd7 24. Nc4+ Kc8 25. Bd4 Bxd4 26.
Rxd4 Rd5 27. Naxb6+ axb6 28. Nxb6+ Kc7 29. Nxd5+ cxd5 30. Rxd5 Ng5 31. Rhd1
Ne4 32. Rd7+ Kc6 33. f3 Nf2 34. R1d6+ Kc5 35. Rxa6 Nd3+ 36. cxd3 {Black
resigns} 1-0

[Event "GambitGuide"]
[Site "Internet Chess Club"]
[Date "2014.10.30"]
[Round "1"]
[White "JSBach"]
[Black "jewels2"]
[Result "0-1"]
[ICCResult "White checkmated"]
[WhiteElo "1707"]
[BlackElo "1124"]
[Opening "Vienna: `Frankenstein-Dracula' variation"]
[ECO "C27"]
[NIC "VG.02"]
[Time "19:21:26"]
[TimeControl "120+12"]

1. e4 e5 2. Nc3 Nf6 3. Bc4 Nxe4 4. Qh5 Nd6 5. Bb3 Nc6 6. Nb5 g6 7. Qf3 f5 8.
Qd5 Qe7 9. Nxc7+ Kd8 10. Nxa8 b6 11. Ba4 Nd4 12. f4 exf4+ 13. Kd1 Bg7 14. b4
Re8 15. Qe6 Qxe6 16. Ba3 Qe1# {White checkmated} 0-1

[Event "GambitGuide"]
[Site "Internet Chess Club"]
[Date "2014.10.30"]
[Round "1"]
[White "JSBach"]
[Black "Lucas"]
[Result "0-1"]
[ICCResult "White checkmated"]
[WhiteElo "1707"]
[BlackElo "2376"]
[Opening "Vienna: `Frankenstein-Dracula' variation"]
[ECO "C27"]
[NIC "VG.02"]
[Time "19:20:55"]
[TimeControl "120+12"]

1. e4 e5 2. Nc3 Nf6 3. Bc4 Nxe4 4. Qh5 Nd6 5. Bb3 Nc6 6. Nb5 g6 7. Qf3 f5 8.
Qd5 Qe7 9. Nxc7+ Kd8 10. Nxa8 b6 11. Ba4 Bb7 12. Nxb6 axb6 13. Qb3 b5 14.
Nf3 bxa4 15. Qxa4 Nd4 16. Nxd4 exd4+ 17. Kf1 Bc6 18. Qxd4 Bg7 19. Qc5 Re8
20. Qb6+ Kc8 21. Qe3 Qf7 22. Qc5 Ne4 23. Qb6 Qe6 24. Kg1 Nc5 25. h3 Qe1+ 26.
Kh2 Be5+ 27. f4 Bxf4+ 28. g3 Qxh1# {White checkmated} 0-1

[Event "GambitGuide"]
[Site "Internet Chess Club"]
[Date "2014.10.30"]
[Round "1"]
[White "JSBach"]
[Black "Selfoss"]
[Result "1-0"]
[ICCResult "Black resigns"]
[WhiteElo "1707"]
[BlackElo "1316"]
[Opening "Vienna: `Frankenstein-Dracula' variation"]
[ECO "C27"]
[NIC "VG.02"]
[Time "19:21:05"]
[TimeControl "120+12"]

1. e4 e5 2. Nc3 Nf6 3. Bc4 Nxe4 4. Qh5 Nd6 5. Bb3 Nc6 6. Nb5 g6 7. Qf3 f5 8.
Qd5 Qe7 9. Nxc7+ Kd8 10. Nxa8 b6 11. Ba4 Bb7 12. Nxb6 axb6 13. Qb3 Kc7 14.
Ne2 Bg7 15. Nc3 Nd4 16. Nd5+ Bxd5 17. Qxd5 b5 18. Bb3 Qg5 19. Qc5+ Nc6 20.
O-O e4 21. d3 Bd4 22. Qxd6+ Kxd6 23. Bxg5 {Black resigns} 1-0

[Event "GambitGuide"]
[Site "Internet Chess Club"]
[Date "2014.10.30"]
[Round "1"]
[White "JSBach"]
[Black "kingsac"]
[Result "1-0"]
[ICCResult "Black resigns"]
[WhiteElo "1707"]
[BlackElo "1964"]
[Opening "Vienna: `Frankenstein-Dracula' variation"]
[ECO "C27"]
[NIC "VG.02"]
[Time "19:21:47"]
[TimeControl "120+12"]

1. e4 e5 2. Nc3 Nf6 3. Bc4 Nxe4 4. Qh5 Nd6 5. Bb3 Nc6 6. Nb5 g6 7. Qf3 f5 8.
Qd5 Qe7 9. Nxc7+ Kd8 10. Nxa8 b6 11. Ba4 Ba6 12. Bxc6 dxc6 13. Qb3 Qb7 14.
Qe6 Nf7 15. Nf3 Bg7 16. d3 Re8 17. Qb3 e4 18. dxe4 Rxe4+ 19. Be3 Bh6 20.
O-O-O+ Kc8 21. Nd2 Bxe3 22. fxe3 Re7 23. Qb4 c5 24. Qa4 b5 25. Qa5 Qb6 26.
Nxb6+ {Black resigns} 1-0